 Dungeon Crawl Stone Soup version 0.16-a0-3920-g0a6a257 (webtiles) character file.

20 Johnny the Ogre Mage (level 2, -1/27 HPs)
             Began as an Ogre Wizard on Feb 4, 2015.
             Slain by a hobgoblin
             ... wielding a +0 club
              (3 damage)
             ... on level 2 of the Dungeon.
             The game lasted 00:01:55 (1355 turns).

Johnny the Ogre Mage (Ogre Wizard)                  Turns: 1355, Time: 00:01:55

Health: -1/27      AC:  3    Str: 11    XL:     2   Next: 79%
Magic:  1/6        EV: 10    Int: 17    God:
Gold:   76         SH:  0    Dex:  8    Spells: 1 memorised, 7 levels left

rFire  . . .     SeeInvis .     g - +0 dagger
rCold  . . .     Clarity  .     i - +0 robe
rNeg   . . .     SustAb   .     (shield restricted)
rPois  .         Gourm    .     b - +0 hat
rElec  .         Spirit   .     (no cloak)
rCorr  .         Warding  .     (gloves unavailable)
rMut   .         Stasis   .     (boots unavailable)
MR     .....                    (no amulet)
Stlth  +.........               (no ring)
                                (no ring)

@: lethally poisoned (-1 -> -4), very slightly contaminated, not resistant to
hostile enchantments, very unstealthy
A: unfitting armour, tough skin 1
a: no special abilities


You were on level 2 of the Dungeon.
You were not hungry.

You visited 1 branch of the dungeon, and saw 2 of its levels.

You collected 76 gold pieces.

Inventory:

Hand weapons
 g - a +0 dagger (weapon)
Armour
 a - a +0 robe
 b - a +0 hat (worn)
 i - a +0 robe (worn)
Magical devices
 p - a wand of digging (10)
Scrolls
 f - a scroll of enchant weapon {unknown}
 h - a scroll of recharging {unknown}
 n - a scroll of fog {unknown}
 o - a scroll of teleportation {unknown}
Potions
 m - a potion of magic {unknown}
Books
 c - a book of Minor Magic

   Spells                             Type                      Level
   a - Magic Dart                     Conjuration                  1
   b - Blink                          Translocation                2
   c - Call Imp                       Summoning                    2
   d - Repel Missiles                 Charms/Air                   2
   e - Slow                           Hexes                        2
   f - Conjure Flame                  Conjuration/Fire             3
   g - Mephitic Cloud                 Conjuration/Poison/Air       3
Comestibles
 d - 3 meat rations
 j - a beef jerky
 k - 4 fruits
 l - a bread ration


   Skills:
 + Level 1.1 Fighting
 + Level 1.3 Throwing
 + Level 0.5 Armour
 + Level 2.1 Dodging
 - Level 1.5 Stealth
 - Level 3.6 Spellcasting
 - Level 0.6 Conjurations
   Level 0.6 Summonings
   Level 0.6 Translocations


You had 7 spell levels left.
You knew the following spells:

 Your Spells              Type           Power        Failure   Level  Hunger
a - Magic Dart            Conj           #...         14%         1    None


Dungeon Overview and Level Annotations

Branches:
Dungeon (2/15)

Altars:


Innate Abilities, Weirdness & Mutations

You are too large for most types of armour.
You have tough skin (AC +1).


Message History

You feel sick. The hobgoblin hits you with a club.
* * * LOW HITPOINT WARNING * * *
The adder bites you but does no damage. The kobold hits you but does no damage.
Unknown command.
Casting: Magic Dart
Confirm with . or Enter, or press ? or * to list all spells.
Aiming: Magic Dart
Press: ? - help, Shift-Dir - straight line, f/p - adder
Aim: an adder (almost dead)
You miscast Magic Dart.
You are very lightly contaminated with residual magic.
Your skin tingles.
The adder barely misses you. The hobgoblin hits you with a club.
* * * LOW HITPOINT WARNING * * *
The kobold hits you.
* * * LOW HITPOINT WARNING * * *
Drink which item? (? for menu, Esc to quit)
It was a potion of cure mutation.
It has a very clean taste.
The adder completely misses you. The hobgoblin hits you with a club.
You die...

... ........#
.%.......#
#.........#..
##........#...
#.............#
#..............
#.............#
#.....@...#
#....SKg(.#
##.......##
##.....##
##...## ##..###
#..## #.## #.#
###


You could see an adder, a hobgoblin and a kobold.

Vanquished Creatures
  A worm (D:1)
  2 giant cockroaches (D:1)
  5 goblins (D:1)
  3 bats (D:1)
  3 giant newts (D:1)
  3 rats (D:1)
17 creatures vanquished.

Notes
Turn   | Place    | Note
--------------------------------------------------------------
     0 | D:1      | Johnny, the Ogre Wizard, began the quest for the Orb.
     0 | D:1      | Reached XP level 1. HP: 16/16 MP: 4/4
   474 | D:1      | Reached XP level 2. HP: 26/26 MP: 6/6
   497 | D:1      | Reached skill level 1 in Throwing
   916 | D:1      | Reached skill level 1 in Fighting
  1355 | D:2      | Slain by a hobgoblin

Action                   || total
-------------------------++-------
Melee: Dagger            ||    63
       Unarmed           ||     4
 Cast: Magic Dart        ||    12
  Use: Potion            ||     1
  Eat: Chunk             ||     1
